 Dungeon Crawl Stone Soup version 0.30.1-11-g7821555f0a (webtiles) character file.

Game seed: 3046907790801810407

65 Martska the Insei (level 4, 0/36 HPs)
             Began as a Human Monk on Dec 4, 2023.
             Slain by a scorpion (5 damage)
             ... on level 4 of the Dungeon.
             The game lasted 00:02:37 (2116 turns).

Martska the Insei (Human Monk)                      Turns: 2116, Time: 00:02:37

Health: 0/36       AC:  3    Str: 13    XL:     4   Next: 34%
Magic:  4/4        EV: 13    Int: 10    God:
Gold:   28         SH:  0    Dex: 16    Spells: 3/3 levels left

rFire   . .          .
                       - Unarmed
rCold   . . .        (no shield)
rNeg    . . .        j - +0 leather armour
rPois   .            (no helmet)
rElec   .            (no cloak)
rCorr   .            (no gloves)
SInv    .            (no boots)
Will    .....        (no amulet)
Stlth   +            (no ring)
HPRegen 0.26/turn    (no ring)
MPRegen 0.09/turn

%: no passive effects
@: confused, lethally poisoned (0 -> -3), ambrosia-drunk
A: no striking features
a: no special abilities


You were on level 4 of the Dungeon.
You visited 1 branch of the dungeon, and saw 4 of its levels.

You collected 28 gold pieces.

Inventory:

Hand Weapons
 n - a +1 dagger of distortion
Armour
 a - a +0 robe
 c - an orb of light
 j - a +0 leather armour (worn)
Scrolls
 e - 2 scrolls of teleportation {unknown}
 f - 3 scrolls of fog {unknown}
 g - a scroll of enchant armour {unknown}
 h - 4 scrolls of identify {unknown}
 m - a scroll of vulnerability {unknown}
 o - a scroll of enchant weapon {unknown}
Potions
 d - a potion of mutation {unknown}
 k - a potion of flight {unknown}
 l - a potion of lignification {unknown}


   Skills:
 * Level 3.6 Fighting
 * Level 3.5 Dodging
 + Level 1.1 Stealth
 * Level 3.7 Unarmed Combat


You had 3 spell levels left.
You didn't know any spells.
Your spell library was empty.

Dungeon Overview and Level Annotations

Branches:
Dungeon (4/15)
 Temple: D:4-7

Altars:


Message History

You feel very sick. The scorpion stings you.
* * * LOW HITPOINT WARNING * * *
You feel much better.
You feel very sick. The scorpion stings you.
You barely miss the scorpion.
The scorpion is severely wounded.
You feel very sick. The scorpion stings you.
You are lethally poisoned!
The scorpion poisons you! The scorpion misses you.
You hit the scorpion but do no damage.
The scorpion is severely wounded.
* * * LOW HITPOINT WARNING * * *
You feel very sick. The scorpion stings you.
* * * LOW HITPOINT WARNING * * *
You hit the scorpion but do no damage.
The scorpion is severely wounded.
* * * LOW HITPOINT WARNING * * *
You feel very sick.
The scorpion stings you but does no damage.
You hit the scorpion but do no damage.
The scorpion is severely wounded.
* * * LOW HITPOINT WARNING * * *
You feel very sick. The scorpion closely misses you.
You hit the scorpion.
The scorpion is almost dead.
* * * LOW HITPOINT WARNING * * *
You feel sick. The scorpion barely misses you.
You are confused.
You feel invigorated.
* * * LOW HITPOINT WARNING * * *
You feel sick. The scorpion closely misses you.
You bump into the rock wall.
* * * LOW HITPOINT WARNING * * *
You feel sick. The scorpion stings you.
You die...

#.####.....#.##
#...................."
######.....####.......
#.....###.......###
###.#............. #
#.# #....!..J..#.. #.#
#...........
#s##.#.....†..# #@#.#
#.....<# #..#
##....s## #.##
#.......##.## #..
#............ #.#
#....<..##.## #.#
#......## #
#....$.....##
########...# #####


You could see a scorpion.

Vanquished Creatures
  3 adders
  A dart slug (D:3)
  3 bats
  3 endoplasms
  2 giant cockroaches
  3 hobgoblins
  2 jackals (D:3)
  A quokka (D:1)
  5 ball pythons
  5 frilled lizards
  2 goblins (D:2)
  4 kobolds
  5 rats
39 creatures vanquished.

Notes
Turn   | Place    | Note
-------+----------+-------------------------------------------
     0 | D:1      | Martska the Human Monk began the quest for the Orb.
     0 | D:1      | Reached XP level 1. HP: 18/18 MP: 1/1
   438 | D:1      | Reached XP level 2. HP: 12/24 MP: 2/2
  1132 | D:2      | Reached XP level 3. HP: 19/29 MP: 3/3
  1796 | D:2      | Reached XP level 4. HP: 35/35 MP: 4/4
  1835 | D:2      | You fall into a shaft and drop 1 floor!
  1898 | D:3      | Reached skill level 1 in Stealth
  1921 | D:4      | Noticed a scorpion
  2114 | D:4      | HP: 1/36 [poisoned by a scorpion]
  2116 | D:4      | Slain by a scorpion

Illustrated notes

Levels and vault maps discovered:
D:1:      dpeg_arrival_rooms_c, layout_loops_ring, serial_forest,
          infiniplex_forest_straight_5, infiniplex_forest_straight_2,
          infiniplex_forest_end_1, infiniplex_forest_clump_diagonal,
          infiniplex_forest_fountain, infiniplex_forest_lined_room_3,
          infiniplex_forest_straight_2, grunt_decor_arrowhead
D:2:      minmay_wonky_spiral, layout_loops_cross
D:3:      layout_rooms, uniq_natasha
D:4:      cheibrodos_helix_gallery, layout_loops_ring, serial_shops, shop,
          minivault_5

Skill      XL: |  1  2  3  4 |
---------------+-------------+-----
Stealth        | 1 |  1.1
Fighting       | |  3.6
Dodging        | |  3.5
Unarmed Combat | |  3.7

Action                     |  1- 3 |  4- 6 || total
---------------------------+-------+-------++-------
  Melee: Unarmed           |   125 |    49 ||   174
         Punch             |     3 |       ||     3
    Use: Potion            |       |     4 ||     4
   Stab: Sleeping          |     4 |       ||     4
 Armour: Robe              |     7 |       ||     7
         Leather armour    |    20 |     7 ||    27
  Dodge: Dodged            |    76 |    53 ||   129
